Map: Cryptic Fortress

Players

Flexpinoy

  • Race: Terran Terran
  • Spawn Location: 12:00

Grumm

  • Race: Protoss Protoss
  • League: Gold
  • Spawn Location: 3:00

ArsonBeetle

  • Race: Terran Terran
  • Spawn Location: 12:00

FuManchu

  • Race: Zerg Zerg
  • League: Bronze
  • Spawn Location: 9:00

Nozo

  • Race: Protoss Protoss
  • Spawn Location: 5:00

Makana

  • Race: Zerg Zerg
  • Spawn Location: 7:00

Krystian

  • Race: Terran Terran
  • League: Silver
  • Spawn Location: 6:00

TAGGERT

  • Race: Terran Terran
  • Spawn Location: 6:00

VOD

Have the link to the VOD?

Description

Time

  • Played on: Jan. 20, 2016, 12:41 a.m.
  • Length: 19:58
Show
View Real Time Build Order
Export as new Build Order

Flexpinoy Terran 

Build Orders:  

Get SALT Encoding   

  12  0:02  SCV  
  13  0:20  Supply Depot  
  13  0:23  SCV  
  14  0:32  Refinery  
  14  0:35  SCV  
  15  0:48  Barracks  
  15  0:50  SCV  
  16  1:02  SCV  
  16  1:03  Refinery  
  17  1:14  SCV  
  18  1:27  SCV  
  19  1:36  Supply Depot  
  19  1:39  SCV  
  20  1:51  SCV  
  21  2:09  Factory  
  21  2:12  SCV  
  22  2:21  Supply Depot  
  22  2:24  Marine, SCV  
  24  2:36  SCV  
  25  2:41  Marine  
  25  2:43  Supply Depot  
  26  2:48  SCV  
  27  2:59  Marine  
  27  3:03  Factory Tech Lab  
  28  3:07  SCV  
  28  3:09  Command Center  
  29  3:26  Factory  
  29  3:29  SCV  
  30  3:39  Armory  
  30  3:41  SCV  
  31  3:55  Supply Depot  
  31  4:00  SCV  
  32  4:13  SCV  
  33  4:21  Factory Tech Lab  
  33  4:30  Factory  
  33  4:33  SCV  
  34  4:41  Refinery  
  34  4:43  Thor  
  40  4:45  SCV  
  41  4:57  SCV  
  42  5:03  Armory  
  42  5:05  Thor  
  48  5:15  Factory Tech Lab  
  48  5:23  Factory  
  48  5:25  SCV  
  49  5:33  Refinery  
  49  5:37  SCV  
  49  5:41  Thor  
  56  5:49  Terran Vehicle Weapons Level 1, SCV  
  57  6:02  SCV  
  58  6:08  Factory Tech Lab  
  58  6:10  Thor  
  64  6:15  SCV  
  65  6:28  SCV  
  66  6:38  Supply Depot  
  66  6:48  Terran Vehicle And Ship Armor Level 1  
  66  6:53  SCV  
  67  7:00  Thor  
  73  7:01  Supply Depot  
  73  7:05  SCV  
  74  7:12  Factory  
  74  7:17  SCV  
  75  7:23  Thor  
  75  7:29  SCV  
  82  7:34  Supply Depot  
  82  7:41  SCV  
  83  7:53  SCV  
  83  7:56  Thor  
  83  7:58  Supply Depot  
  90  7:59  Factory Tech Lab  
  90  8:06  Terran Vehicle Weapons Level 2  
  90  8:21  Supply Depot  
  90  8:23  Engineering Bay  
  90  8:25  SCV  
  91  8:31  Thor  
  97  8:37  SCV  
  98  8:43  Supply Depot  
  98  8:48  Thor  
  104  8:59  SCV  
  105  9:03  Terran Vehicle And Ship Armor Level 2  
  105  9:06  Supply Depot  
  105  9:11  Thor  
  111  9:26  Missile Turret  
  111  9:42  Thor  
  117  10:00  Command Center  
  117  10:22  Thor  
  117  10:26  Terran Vehicle Weapons Level 3  
  123  10:33  Supply Depot  
  123  10:54  Thor  
  123  10:56  Supply Depot  
  129  11:11  Thor x2  
  141  11:19  Supply Depot  
  141  11:27  Thor x2  
  153  11:41  Supply Depot  
  153  11:56  Thor  
  159  12:06  Supply Depot  
  159  12:11  Thor  
  165  12:18  SCV  
  166  12:29  Supply Depot  
  166  12:30  SCV  
  166  12:34  Refinery  
  166  12:36  Terran Vehicle And Ship Armor Level 3  
  167  12:41  Thor  
  173  12:51  Supply Depot  
  173  13:01  SCV  
  174  13:07  Refinery  
  174  13:14  Supply Depot  
  174  13:16  Thor  
  174  13:17  Thor  
  126  14:01  Thor x2  
  114  14:08  SCV  
  115  14:20  SCV  
  110  14:32  SCV  
  111  14:40  Thor x2  
  111  14:44  SCV  
  124  14:56  SCV  
  125  15:17  Thor  
  125  15:20  Thor  
  131  15:52  Thor  
  137  16:01  Thor  
  143  16:22  Thor  
  149  16:41  Thor  
  155  17:03  Thor  
  161  17:28  Thor  
  166  18:23  Thor x3  
  118  19:12  Thor  
Show
View Real Time Build Order
Export as new Build Order

Grumm Protoss 

Build Orders: Dark Templar Rush 

Get SALT Encoding   

  12  0:01  Probe (Chrono Boost)  
  13  0:12  Probe (Chrono Boost)  
  14  0:21  Pylon  
  14  0:22  Probe (Chrono Boost)  
  15  0:30  Assimilator  
  15  0:39  Probe (Chrono Boost)  
  16  0:46  Gateway  
  16  0:50  Probe (Chrono Boost)  
  16  0:56  Assimilator  
  17  1:01  Probe (Chrono Boost)  
  19  1:11  Probe (Chrono Boost)  
  19  1:20  Pylon  
  19  1:22  Probe (Chrono Boost)  
  20  1:33  Cybernetics Core  
  20  1:35  Zealot  
  20  1:39  Probe (Chrono Boost)  
  23  1:50  Probe (Chrono Boost)  
  24  2:00  Probe (Chrono Boost)  
  25  2:04  Forge  
  25  2:09  Twilight Council  
  25  2:12  Pylon  
  25  2:15  Probe (Chrono Boost)  
  26  2:19  Warp Gate (Chrono Boost)  
  26  2:29  Probe  
  27  2:42  Probe  
  28  2:46  Dark Shrine  
  28  2:48  Templar Archives  
  28  2:54  Probe  
  29  3:14  Gateway  
  29  3:22  Photon Cannon  
  29  3:30  Nexus  
  29  3:39  Pylon  
  29  4:00  Gateway  
  29  4:02  Gateway  
  29  4:08  Photon Cannon  
  29  4:17  Probe  
  30  4:27  Pylon  
  30  4:32  High Templar  
  30  4:33  High Templar, Psionic Storm  
  30  4:37  Probe  
  35  4:58  Dark Templar  
  37  5:07  Dark Templar  
  37  5:09  Probe  
  37  5:11  Assimilator, Probe  
  37  5:13  Assimilator  
  41  5:15  Pylon  
  41  5:21  Probe x2  
  43  5:31  Dark Templar  
  43  5:33  Probe  
  46  5:46  Probe  
  47  5:50  Pylon  
  47  5:51  Probe  
  47  5:55  Pylon  
  48  5:58  Probe  
  48  6:01  Probe  
  48  6:10  Probe  
  49  6:23  Probe  
  49  6:25  Probe  
  51  6:27  Dark Templar  
  51  6:28  Dark Templar x2  
  53  6:34  Probe  
  53  6:37  Probe  
  55  6:45  Probe  
  56  6:51  Gateway  
  56  6:52  Gateway  
  56  6:59  Probe  
  56  7:00  Probe  
  58  7:01  Photon Cannon  
  58  7:06  Photon Cannon  
  58  7:14  Nexus  
  58  7:16  Gateway  
  58  7:17  Pylon  
  58  7:21  Gateway  
  58  7:23  Photon Cannon  
  58  7:26  Protoss Ground Weapons Level 1  
  58  7:27  Gateway  
  58  7:31  Pylon  
  58  7:38  Pylon  
  58  7:46  Assimilator  
  58  7:51  Assimilator  
  58  7:55  Probe  
  58  7:56  Probe  
  60  8:04  Stargate  
  60  8:05  Probe  
  60  8:08  Probe  
  60  8:10  Pylon  
  62  8:16  Probe  
  62  8:17  Pylon  
  62  8:18  Dark Templar  
  62  8:19  Forge, Dark Templar x4  
  73  8:40  Dark Templar  
  73  8:41  Dark Templar x2  
  79  9:02  High Templar  
  79  9:18  Blink  
  79  9:19  Protoss Ground Armor Level 1 (Chrono Boost)  
  79  9:21  Forge  
  79  9:23  Protoss Ground Weapons Level 2 (Chrono Boost)  
  79  9:27  Protoss Air Weapons Level 1  
  79  9:36  Dark Templar x3  
  85  9:38  Zealot x2  
  85  9:39  Zealot x2  
  85  9:40  Archon  
  85  9:41  Archon x4  
  93  9:49  Zealot  
  95  9:58  Pylon  
  95  10:01  Dark Templar x3  
  95  10:04  Dark Templar  
  95  10:05  Archon  
  103  10:15  Zealot x4  
  103  10:19  Probe  
  112  10:23  Pylon  
  112  10:24  Pylon  
  112  10:28  Pylon  
  112  10:30  Pylon  
  112  10:32  Pylon  
  112  10:33  Photon Cannon  
  112  10:35  Pylon  
  112  10:36  Dark Templar x3  
  112  10:37  Pylon, Dark Templar  
  112  10:38  Zealot x2  
  112  10:40  Archon  
  112  10:41  Archon x2  
  106  11:13  Protoss Ground Weapons Level 3 (Chrono Boost)  
  106  11:15  Protoss Ground Armor Level 2 (Chrono Boost)  
  104  11:22  Mothership Core  
  106  11:28  Charge (Chrono Boost)  
  106  11:30  Protoss Shields Level 1 (Chrono Boost)  
  106  11:39  Zealot x6  
  118  11:40  Zealot x3  
  124  11:52  Fleet Beacon  
  124  11:59  Zealot x2  
  124  12:00  Zealot x5  
  138  12:08  Pylon  
  138  12:16  Nexus  
  138  12:23  Pylon  
  138  12:30  Photon Cannon  
  138  12:33  Zealot x2  
  146  13:14  Zealot x2  
  146  13:15  Zealot x6  
  146  13:16  Zealot  
  72  14:48  Stalker  
  72  14:49  Stalker x6  
  72  14:50  Stalker x2  
  86  15:13  Assimilator  
  86  15:19  Assimilator  
  86  15:20  High Templar  
  88  15:23  High Templar x5, Photon Cannon  
  88  15:24  High Templar x3  
  88  15:27  Archon x2  
  88  15:28  Archon x2  
  100  16:31  High Templar x5  
  100  16:32  High Templar x4  
  118  16:35  Archon x3  
  118  16:36  Archon  
  110  17:13  Mothership Core  
  112  17:20  Zealot x2  
  112  17:21  Zealot x4  
  112  17:22  Zealot x2  
  72  17:53  Zealot  
  72  17:54  Zealot x6  
  72  17:57  Archon  
  36  18:33  Zealot  
  36  18:34  Zealot x3  
  32  18:54  Zealot x3  
  9  19:40  Zealot x3  
Show
View Real Time Build Order
Export as new Build Order

ArsonBeetle Terran 

Build Orders:  

Get SALT Encoding   

  12  0:01  SCV  
  13  0:23  Supply Depot  
  13  0:32  Supply Depot  
  13  0:38  SCV  
  13  0:39  Supply Depot  
  14  0:45  Refinery  
  14  1:11  SCV, Barracks  
  15  1:22  Refinery  
  15  1:23  SCV  
  16  1:35  SCV  
  17  1:58  Barracks Tech Lab  
  17  2:02  Barracks  
  17  2:04  Orbital Command  
  17  2:18  Barracks  
  17  2:36  Marauder  
  19  2:41  SCV  
  20  2:51  Engineering Bay  
  20  2:53  Concussive Shells  
  20  2:56  Marine  
  20  2:57  Marine  
  22  3:10  Bunker  
  22  3:13  Barracks Reactor  
  22  3:14  Marine  
  22  3:15  Marine  
  24  3:22  Factory  
  24  3:34  Missile Turret  
  24  3:38  Missile Turret  
  24  3:46  Terran Infantry Weapons Level 1  
  24  4:05  Missile Turret, SCV  
  24  4:09  Factory Tech Lab  
  25  4:20  Marauder  
  25  4:22  Marine  
  25  4:24  Marine  
  29  4:34  Armory  
  29  4:44  Missile Turret  
  29  4:49  SCV  
  30  4:58  Combat Shields  
  30  5:04  SCV  
  30  5:06  Missile Turret  
  31  5:11  Cyclone  
  34  5:24  Supply Depot  
  34  5:32  SCV  
  35  5:47  Supply Depot  
  35  5:55  Thor  
  41  6:38  Cyclone  
  44  6:47  Command Center  
  44  7:02  Factory  
  44  7:09  Terran Vehicle And Ship Armor Level 1  
  44  7:16  Marine x2  
  46  7:47  Missile Turret  
  46  7:51  Thor  
  52  8:00  Marauder  
  52  8:02  Marine  
  55  8:07  SCV  
  56  8:17  Factory Tech Lab  
  56  8:28  Marine  
  57  8:34  Cyclone  
  60  8:45  Bunker  
  60  8:48  Planetary Fortress  
  60  8:57  Cyclone  
  63  9:03  Terran Vehicle Weapons Level 1  
  63  9:06  Thor  
  69  9:15  Missile Turret  
  69  9:19  Marine x4  
  73  9:36  Marine  
  73  9:37  Marine x3  
  77  9:49  Thor  
  83  9:54  Marine x2  
  83  9:55  Marine  
  86  10:03  Marine  
  87  10:10  Supply Depot  
  87  10:12  Marine x3  
  90  10:21  Marine  
  85  10:26  Thor  
  78  10:30  Marine  
  78  10:32  Supply Depot  
  62  10:38  Marine  
  49  10:57  Thor  
  55  11:08  Marauder  
  57  11:17  Refinery, SCV  
  58  11:20  Refinery  
  58  11:29  SCV  
  59  11:41  SCV  
  59  11:46  Cyclone  
  59  11:47  Cyclone  
  66  11:53  SCV  
  67  12:07  Factory, Marine x4  
  71  12:24  Marine  
  71  12:25  Marine  
  71  12:27  Thor  
  79  12:33  Marine x2  
  81  12:53  Factory Tech Lab  
  81  12:55  Thor  
  87  13:37  Thor  
  87  13:38  Cyclone  
  87  13:40  Marine x3  
  99  13:47  Marine  
  80  13:58  Marine  
  65  14:05  Cyclone  
  56  14:20  Cyclone  
  56  14:21  Marine x3  
  62  15:08  Thor  
  62  15:10  Marine x4  
  72  15:26  Cyclone  
  72  15:28  Marine x2  
  76  15:29  Cyclone  
  77  15:36  Marine  
  77  15:37  Marine  
  74  15:45  Marine  
  75  15:52  Hellbat  
  77  15:58  Marine, Hellbat  
  77  15:59  Marine  
  77  16:00  Marine  
  77  16:03  Marine  
  83  16:16  Marine x2  
  83  16:18  Marine  
  85  16:21  Marine  
  87  16:34  Marine x2  
  87  16:36  Marine  
  90  16:45  Thor  
  96  16:48  Cyclone  
  99  17:06  Terran Infantry Weapons Level 2  
  99  17:08  Marine x3  
  102  17:22  Marine  
  102  17:26  Marine  
  104  17:40  Marine  
  104  17:41  Marine x2  
  104  17:44  Marine  
  107  17:50  Starport  
  108  17:58  Marine  
  107  18:13  Thor  
  107  18:14  Marine  
  107  18:15  Marine  
  107  18:18  Marine  
  105  18:36  Marine x2  
  105  18:37  Marine  
  82  18:46  Marine  
  67  18:54  Marine x2  
  66  19:08  Viking  
Show
View Real Time Build Order
Export as new Build Order

FuManchu Zerg 

Build Orders: Hatch First, Lurkers 

Get SALT Encoding   

  12  0:02  Drone  
  13  0:08  Drone  
  14  0:46  Overlord  
  14  0:48  Hatchery  
  13  1:04  Spawning Pool  
  12  1:19  Drone x2  
  12  1:20  Drone  
  12  1:21  Extractor  
  12  1:22  Extractor  
  13  1:47  Drone  
  13  1:48  Drone  
  13  1:51  Queen  
  17  1:55  Drone  
  18  2:04  Drone x2  
  20  2:20  Drone x2  
  22  2:31  Queen  
  22  2:35  Drone  
  25  2:38  Drone  
  25  2:41  Drone  
  27  2:45  Drone  
  27  2:51  Overlord  
  28  2:56  Overlord  
  28  3:01  Metabolic Boost  
  28  3:11  Drone  
  28  3:12  Drone x3  
  32  3:25  Lair  
  32  3:28  Drone x2  
  32  3:29  Drone x2  
  36  3:56  Zergling x16  
  44  4:06  Extractor  
  44  4:08  Extractor  
  42  4:10  Drone  
  42  4:11  Drone  
  44  4:27  Overlord x6  
  44  4:28  Overlord  
  44  4:31  Overseer x2  
  44  4:33  Hatchery  
  43  4:54  Drone x3  
  43  4:55  Drone  
  47  5:22  Hydralisk Den  
  47  5:23  Drone  
  47  5:24  Drone x5  
  52  5:29  Hatchery  
  51  5:55  Queen  
  53  6:10  Lurker Den  
  53  6:20  Drone  
  53  6:21  Evolution Chamber, Drone x13  
  53  6:22  Evolution Chamber x2  
  64  6:46  Extractor  
  63  6:48  Zerg Ground Armor Level 1, Zerg Melee Weapons Level 1, Zerg Missile Weapons Level 1, Extractor  
  62  7:08  Hydralisk x4  
  62  7:09  Hydralisk x15  
  100  7:20  Overlord  
  100  7:21  Overlord  
  100  7:56  Hydralisk  
  100  7:57  Infestation Pit, Hydralisk x12  
  125  8:24  Lair  
  125  8:29  Lurker x3  
  125  8:32  Overlord x5  
  125  8:33  Overlord x3  
  128  8:37  Overseer  
  128  8:38  Overseer  
  128  8:45  Zerg Melee Weapons Level 2  
  128  8:46  Zerg Missile Weapons Level 2  
  128  8:53  Zerg Ground Armor Level 2  
  128  9:15  Hive  
  128  9:19  Overlord  
  128  9:20  Overlord x2  
  128  9:26  Muscular Augments  
  125  10:25  Hydralisk  
  125  10:26  Hydralisk x18  
  125  10:27  Hydralisk x2  
  108  11:24  Lurker x2  
  108  11:25  Lurker x8  
  117  11:28  Hydralisk x10  
  117  11:29  Hydralisk  
  140  11:55  Hydralisk  
  140  11:56  Hydralisk x7  
  140  11:57  Hydralisk  
  158  12:33  Hatchery, Extractor  
  156  12:48  Extractor  
  70  13:57  Hydralisk  
  70  13:58  Hydralisk x18  
  108  14:03  Overlord  
  83  15:08  Pneumatized Carapace  
  53  16:06  Spawning Pool  
  52  16:16  Hatchery  
  51  16:57  Hatchery  
  50  17:02  Drone  
  50  17:03  Drone x3  
  54  17:10  Overlord x2, Extractor  
  54  17:11  Overlord x7  
  54  17:12  Hatchery  
  48  18:29  Drone x3  
  20  18:55  Drone x3  
  23  19:41  Drone  
  23  19:42  Drone x5  
Show
View Real Time Build Order
Export as new Build Order

Nozo Protoss 

Build Orders: Nexus First 

Get SALT Encoding   

  12  0:07  Probe (Chrono Boost)  
  13  0:18  Probe (Chrono Boost)  
  14  0:24  Pylon  
  14  0:28  Probe (Chrono Boost)  
  15  0:57  Nexus  
  15  1:13  Pylon  
  15  1:15  Probe (Chrono Boost)  
  16  1:26  Probe (Chrono Boost)  
  17  1:33  Forge  
  17  1:39  Gateway  
  17  2:02  Assimilator  
  17  2:03  Pylon, Probe (Chrono Boost)  
  17  2:05  Assimilator  
  18  2:13  Probe (Chrono Boost)  
  19  2:20  Photon Cannon  
  19  2:24  Probe (Chrono Boost)  
  20  2:32  Photon Cannon  
  20  2:34  Probe (Chrono Boost)  
  21  2:45  Probe (Chrono Boost)  
  21  2:46  Probe (Chrono Boost)  
  23  2:55  Probe (Chrono Boost)  
  23  2:56  Probe (Chrono Boost)  
  25  3:06  Probe (Chrono Boost)  
  25  3:07  Probe (Chrono Boost)  
  27  3:17  Probe (Chrono Boost)  
  28  3:23  Cybernetics Core  
  28  3:25  Cybernetics Core  
  28  3:28  Pylon, Probe (Chrono Boost)  
  29  3:34  Pylon  
  29  3:45  Probe (Chrono Boost)  
  30  3:50  Assimilator  
  30  3:55  Assimilator  
  30  3:56  Probe (Chrono Boost)  
  31  4:06  Probe (Chrono Boost)  
  33  4:17  Probe (Chrono Boost)  
  33  4:27  Stargate x2, Probe (Chrono Boost)  
  33  4:31  Stargate  
  34  4:33  Stargate  
  34  4:37  Stargate  
  34  4:45  Mothership Core (Chrono Boost)  
  36  5:16  Nexus  
  36  5:20  Pylon  
  36  5:22  Pylon  
  36  5:23  Pylon  
  36  5:41  Probe (Chrono Boost)  
  37  5:46  Probe (Chrono Boost)  
  38  5:50  Oracle  
  38  5:51  Probe (Chrono Boost)  
  38  5:57  Probe (Chrono Boost)  
  43  6:02  Probe (Chrono Boost)  
  44  6:07  Probe (Chrono Boost)  
  45  6:13  Probe (Chrono Boost)  
  45  6:18  Probe (Chrono Boost)  
  47  6:23  Probe (Chrono Boost)  
  48  6:28  Probe (Chrono Boost)  
  49  6:37  Probe (Chrono Boost)  
  50  6:43  Assimilator  
  50  6:47  Assimilator  
  50  6:48  Probe (Chrono Boost)  
  50  6:49  Void Ray x3  
  50  6:50  Void Ray  
  67  6:58  Probe (Chrono Boost)  
  67  6:59  Void Ray  
  72  7:09  Pylon, Probe (Chrono Boost)  
  73  7:20  Probe (Chrono Boost)  
  74  7:27  Protoss Air Weapons Level 1, Protoss Air Armor Level 1  
  74  7:30  Probe (Chrono Boost)  
  74  7:33  Fleet Beacon  
  74  7:36  Protoss Shields Level 1  
  75  7:49  Probe (Chrono Boost)  
  76  7:59  Probe (Chrono Boost)  
  77  8:10  Probe (Chrono Boost)  
  78  8:20  Probe (Chrono Boost)  
  78  8:23  Void Ray x4  
  78  8:24  Void Ray  
  99  8:31  Probe (Chrono Boost)  
  99  8:33  Twilight Council  
  100  8:38  Photon Cannon  
  99  8:42  Photon Cannon  
  96  9:09  Photon Cannon  
  96  9:11  Photon Cannon  
  96  9:13  Probe (Chrono Boost)  
  97  9:23  Probe (Chrono Boost)  
  104  9:34  Probe (Chrono Boost)  
  105  9:40  Void Ray x3  
  117  10:05  Pylon x2  
  117  10:07  Pylon  
  117  10:08  Pylon  
  117  10:12  Pylon x2  
  117  10:14  Pylon  
  117  10:15  Pylon  
  117  10:23  Void Ray  
  101  10:50  Void Ray  
  101  10:51  Void Ray x3  
  117  11:01  Protoss Air Armor Level 2, Protoss Air Weapons Level 2  
  117  11:03  Protoss Shields Level 2  
  117  11:14  Pylon x2  
  117  11:39  Void Ray x5  
  136  12:38  Void Ray x5  
  155  13:16  Nexus  
  155  13:22  Pylon x2  
  60  14:14  Carrier x2  
  60  14:15  Carrier x3  
  82  14:49  Assimilator  
  82  14:54  Assimilator  
  82  15:02  Mothership Core (Chrono Boost)  
  84  15:10  Photon Cannon  
  84  15:11  Photon Cannon  
  84  15:13  Photon Cannon  
  84  15:15  Photon Cannon  
  90  15:41  Carrier x3  
  90  15:42  Carrier x2  
  108  15:47  Graviton Catapult  
  120  16:28  Protoss Air Weapons Level 3  
  120  16:29  Protoss Air Armor Level 3  
  120  16:31  Protoss Shields Level 3  
  120  17:55  Carrier  
  120  17:56  Carrier x3  
  120  17:57  Carrier  
Show
View Real Time Build Order
Export as new Build Order

Makana Zerg 

Build Orders: Pool First 

Get SALT Encoding   

  12  0:49  Drone x2  
  14  0:54  Spawning Pool  
  13  0:58  Drone, Extractor  
  13  1:05  Overlord  
  13  1:17  Drone  
  14  1:26  Overlord  
  14  1:27  Hatchery  
  13  1:35  Drone  
  14  1:48  Drone  
  15  1:54  Extractor  
  15  1:55  Drone  
  15  2:02  Lair  
  15  2:06  Drone  
  16  2:16  Drone  
  17  2:25  Extractor  
  17  2:28  Zergling x2  
  17  2:36  Spine Crawler  
  16  2:39  Spore Crawler  
  15  2:47  Drone  
  16  2:52  Zergling x4  
  18  3:00  Drone  
  18  3:05  Drone  
  20  3:10  Drone  
  21  3:23  Drone  
  22  3:29  Drone x2  
  22  3:33  Drone  
  25  3:47  Infestation Pit  
  24  3:54  Spine Crawler  
  24  3:55  Drone x2  
  25  4:05  Queen  
  25  4:09  Drone  
  28  4:13  Drone  
  28  4:15  Drone  
  30  4:23  Drone  
  31  4:34  Drone, Extractor  
  31  4:36  Queen  
  33  4:39  Drone  
  34  4:49  Hive  
  34  5:06  Spire  
  33  5:19  Spore Crawler  
  32  5:29  Drone x3  
  35  5:44  Spore Crawler  
  34  5:55  Spire  
  33  6:02  Drone  
  33  6:03  Drone x2, Spore Crawler  
  35  6:20  Zerg Flyer Weapons Level 1  
  35  6:46  Hatchery  
  35  6:47  Drone x2  
  36  6:50  Overlord x3  
  36  7:04  Overlord x2  
  36  7:12  Greater Spire  
  36  7:28  Drone  
  36  7:29  Drone x2  
  39  7:43  Drone x2  
  39  7:44  Drone, Spine Crawler  
  41  8:02  Corruptor x2  
  45  8:12  Corruptor  
  45  8:14  Zerg Flyer Armor Level 1  
  45  8:16  Corruptor  
  49  8:26  Drone x2  
  51  8:31  Drone  
  51  8:32  Drone  
  53  8:39  Corruptor  
  55  8:43  Zerg Flyer Weapons Level 2  
  55  8:52  Corruptor  
  57  8:58  Drone  
  57  8:59  Drone x2  
  60  9:12  Corruptor  
  60  9:13  Corruptor  
  64  9:20  Brood Lord  
  64  9:22  Brood Lord  
  68  9:29  Drone x2  
  70  9:32  Drone x2  
  70  9:33  Drone  
  73  9:40  Brood Lord x2  
  73  9:44  Overlord  
  77  9:48  Pneumatized Carapace  
  77  9:53  Overlord  
  77  9:58  Overlord x2  
  77  10:05  Overlord x3  
  77  10:12  Extractor  
  76  10:15  Extractor  
  76  10:19  Brood Lord x3  
  81  10:29  Corruptor  
  81  10:30  Corruptor  
  81  10:33  Overseer  
  85  10:38  Corruptor x2  
  89  10:51  Drone x3  
  92  11:11  Corruptor x2  
  92  11:12  Corruptor x3  
  92  11:17  Zerg Flyer Weapons Level 3  
  102  11:22  Zerg Flyer Armor Level 2  
  102  11:45  Corruptor x2  
  102  11:46  Corruptor x3  
  112  12:12  Drone x3  
  115  12:22  Corruptor x3  
  115  12:26  Brood Lord x2  
  115  12:27  Brood Lord x2  
  129  12:49  Overlord x2  
  129  13:00  Overlord  
  129  13:10  Corruptor x2  
  129  13:11  Corruptor x3  
  139  13:17  Brood Lord  
  141  13:23  Overlord x3  
  107  14:34  Brood Lord x3  
  107  14:35  Brood Lord x3  
  113  15:08  Corruptor x4  
  105  16:24  Corruptor x3  
  97  16:47  Corruptor x2  
  101  17:09  Hatchery  
  101  17:13  Extractor  
  99  17:16  Extractor  
  98  19:22  Brood Lord  
  100  19:30  Hatchery  
Show
View Real Time Build Order
Export as new Build Order

Krystian Terran 

Build Orders:  

Get SALT Encoding   

  12  0:02  SCV  
  13  0:14  SCV  
  14  0:26  SCV  
  15  0:31  Supply Depot  
  15  0:33  Refinery  
  15  0:37  Refinery  
  15  0:52  SCV  
  15  0:54  Barracks  
  16  1:04  SCV  
  17  1:17  SCV  
  18  1:34  SCV  
  19  1:41  Supply Depot  
  19  1:46  SCV  
  20  1:58  SCV  
  21  2:10  Factory, SCV  
  22  2:23  SCV  
  22  2:28  Barracks Tech Lab  
  23  2:54  Factory  
  23  2:58  Barracks Tech Lab  
  23  3:09  Siege Tank  
  26  3:18  Command Center  
  26  3:20  SCV  
  27  3:32  SCV  
  28  3:35  Engineering Bay  
  28  3:40  Armory  
  28  3:44  SCV  
  29  3:56  SCV  
  29  3:57  Supply Depot  
  29  3:58  Supply Depot  
  30  4:08  SCV  
  31  4:20  Supply Depot  
  31  4:21  Orbital Command  
  31  4:22  Supply Depot  
  31  4:28  Thor  
  37  4:49  Thor  
  43  5:01  Terran Vehicle Weapons Level 1  
  43  5:15  Orbital Command  
  43  5:21  SCV  
  44  5:30  Thor  
  44  5:33  SCV  
  51  5:43  Thor  
  51  5:45  SCV  
  58  5:58  SCV  
  58  6:01  Refinery  
  59  6:05  Refinery  
  59  6:07  SCV  
  59  6:10  SCV  
  61  6:19  SCV, Thor  
  61  6:22  SCV  
  69  6:32  SCV  
  70  6:34  SCV  
  70  6:39  Thor  
  77  6:44  SCV  
  77  6:46  SCV  
  79  6:56  SCV  
  80  7:04  SCV  
  80  7:08  SCV  
  82  7:09  Terran Vehicle Weapons Level 2  
  82  7:16  SCV  
  82  7:20  Supply Depot, SCV  
  82  7:22  Supply Depot x2  
  84  7:23  Supply Depot  
  84  7:25  Thor  
  90  7:33  Thor  
  96  8:08  Thor  
  102  8:16  Thor  
  108  8:28  Command Center  
  107  9:11  Thor x2  
  118  9:54  Thor x2  
  130  10:01  Supply Depot  
  130  10:02  Supply Depot  
  130  10:25  Supply Depot  
  130  10:26  Supply Depot  
  118  10:50  Supply Depot  
  118  10:51  Supply Depot  
  118  11:04  Thor x2  
  118  11:07  Terran Vehicle Weapons Level 3  
  130  11:14  Supply Depot  
  130  11:15  Supply Depot  
  130  11:30  Command Center  
  130  11:39  Missile Turret  
  130  11:40  Missile Turret  
  130  11:52  Thor x2  
  142  11:56  Missile Turret  
  142  11:57  Missile Turret  
  142  11:59  Missile Turret x2  
  142  12:00  Missile Turret  
  142  12:01  Missile Turret x2  
  142  12:02  Missile Turret  
  142  12:07  Missile Turret  
  142  12:28  Missile Turret, Refinery  
  142  12:30  Missile Turret  
  142  12:31  Refinery  
  142  12:40  Factory  
  142  12:47  Planetary Fortress  
  142  13:44  Terran Vehicle And Ship Armor Level 1  
  59  14:26  Factory Tech Lab  
  59  14:56  Thor  
  59  14:57  Thor x2  
  77  15:04  Command Center  
  77  15:19  SCV x2  
  79  15:31  SCV x2  
  81  15:39  Thor x3  
  99  15:43  SCV x2  
  99  15:47  Terran Vehicle And Ship Armor Level 2  
  101  15:55  SCV x2  
  103  16:06  Refinery  
  103  16:07  SCV  
  103  16:08  SCV  
  105  16:22  Thor x3  
  123  16:43  Planetary Fortress  
  123  17:17  Thor x2  
  135  17:24  Thor  
  141  17:33  Missile Turret  
  141  17:53  Missile Turret  
  39  18:51  Thor x3  
  51  19:50  Command Center  
Show
View Real Time Build Order
Export as new Build Order

TAGGERT Terran 

Build Orders: Command Center First (CC) 

Get SALT Encoding   

  12  0:03  SCV  
  13  0:15  SCV  
  13  0:18  Refinery  
  14  0:28  SCV  
  15  0:52  Supply Depot  
  15  1:14  SCV  
  16  1:18  Command Center  
  16  1:26  SCV  
  17  1:36  Barracks  
  17  1:38  SCV  
  18  1:50  SCV  
  19  2:02  SCV  
  20  2:14  SCV  
  21  2:18  Refinery  
  21  2:26  Engineering Bay, SCV  
  21  2:29  Supply Depot  
  22  2:31  Marine  
  23  2:38  SCV  
  24  2:46  SCV  
  24  2:49  Marine  
  24  2:50  SCV  
  27  2:58  SCV  
  27  3:03  SCV  
  29  3:07  Marine  
  30  3:15  Command Center, SCV  
  31  3:25  Marine  
  32  3:30  Missile Turret  
  32  3:33  SCV  
  33  3:42  Marine  
  33  3:43  Refinery  
  33  3:46  Refinery  
  34  3:53  Factory  
  34  3:57  Missile Turret  
  34  4:00  Marine  
  34  4:01  SCV  
  36  4:12  Orbital Command  
  36  4:13  SCV  
  37  4:18  Marine  
  37  4:20  Missile Turret  
  38  4:25  SCV  
  38  4:30  SCV  
  40  4:36  Marine  
  40  4:37  SCV  
  42  4:38  Terran Infantry Weapons Level 1  
  42  4:42  SCV  
  42  4:44  Supply Depot  
  43  4:48  Starport  
  43  4:54  Marine, SCV  
  43  4:58  Missile Turret  
  45  5:06  SCV  
  46  5:12  Marine  
  47  5:15  Supply Depot  
  47  5:18  SCV  
  48  5:23  Starport  
  48  5:29  Refinery  
  48  5:30  SCV  
  48  5:32  Refinery  
  49  5:39  SCV  
  51  5:42  SCV  
  51  5:43  Marine  
  52  5:50  Starport Reactor  
  52  5:51  SCV  
  52  5:54  Starport, SCV  
  54  6:00  Supply Depot, Marine  
  54  6:03  SCV  
  55  6:18  Marine  
  45  6:36  Marine  
  46  6:41  Supply Depot  
  46  6:47  Starport Reactor  
  36  6:48  Starport Reactor  
  36  6:54  Marine  
  36  6:55  Orbital Command  
  36  7:01  Missile Turret  
  37  7:04  Viking  
  37  7:05  Viking  
  41  7:12  Supply Depot, Marine  
  41  7:13  SCV  
  43  7:19  Armory  
  43  7:25  SCV  
  43  7:29  Marine  
  44  7:34  Viking  
  44  7:35  Viking  
  49  7:37  SCV  
  49  7:41  Viking x2  
  54  7:50  SCV  
  55  7:55  SCV  
  56  8:02  SCV  
  56  8:04  Viking  
  59  8:07  Terran Ship Weapons Level 1, SCV, Armory  
  59  8:11  Marine  
  61  8:14  SCV  
  61  8:15  Viking x2  
  61  8:19  SCV  
  67  8:25  Supply Depot  
  67  8:26  SCV  
  68  8:29  Marine  
  69  8:38  SCV  
  69  8:39  Viking  
  69  8:40  Viking  
  74  8:50  SCV  
  75  8:59  Viking x2  
  75  9:00  Viking x2  
  75  9:02  SCV  
  84  9:04  Terran Vehicle And Ship Armor Level 1  
  84  9:13  Supply Depot  
  84  9:15  Viking x2  
  88  9:29  Viking x2  
  92  9:36  Marine  
  93  9:41  Terran Infantry Weapons Level 2  
  93  9:45  Supply Depot  
  93  9:47  Viking  
  95  9:54  Marine  
  96  10:02  Terran Ship Weapons Level 2  
  96  10:12  Marine  
  97  10:15  Viking x5  
  107  10:29  Marine  
  108  10:47  Marine  
  102  12:02  Marine  
  103  12:18  Viking x6  
  103  12:20  Marine  
  103  12:22  Terran Ship Weapons Level 3  
  116  12:23  Terran Vehicle And Ship Armor Level 2  
  116  12:25  Orbital Command  
  116  12:37  Supply Depot  
  116  12:38  Marine  
  116  12:39  Terran Infantry Weapons Level 3  
  117  12:48  Viking x5  
  127  12:56  Marine  
  128  13:14  Marine  
  128  13:16  Viking  
  128  13:17  Viking  
  128  13:18  Viking x4  
  139  13:46  Viking  
  139  13:47  Viking  
  139  13:48  Viking x2  
  131  14:48  Viking x4  
  131  14:49  Viking x2  
  131  14:52  Marine  
  144  15:10  Marine  
  139  15:18  Viking x5  
  139  15:19  Viking  
  147  15:28  Marine  
  96  15:45  Marine  
  96  15:48  Viking x3  
  103  15:58  Terran Vehicle And Ship Armor Level 3  
  103  16:01  Viking  
  103  16:02  Viking x2  
  103  16:03  Marine  
  110  16:18  Viking x3  
  114  16:21  Marine  
  117  16:31  Viking  
  119  16:39  Marine  
  118  16:57  Marine  
  103  17:15  Marine  
  98  18:30  Viking x6  
  108  19:00  Viking x4  
  116  19:08  Viking x2  
Tags
 
Add a new tag
Caveats
  • Supply blocks, unpowered buildings, or Contaminate may cause inaccurate times.
  • Supply counts are checked every 10 seconds.